Map: King's Cove LE

Players

Parkkatz - Winner!

  • Race: Zerg Zerg
  • League: Platinum
  • Spawn Location: 5:00

funsizek

  • Race: Zerg Zerg
  • League: Platinum
  • Spawn Location: 11:00

VOD

Have the link to the VOD?

Description

Time

  • Played on: June 30, 2019, 8:56 p.m.
  • Length: 11:59
Show
View Real Time Build Order
Export as new Build Order

Parkkatz Zerg - Winner!

Build Orders: Hatch First 

Get SALT Encoding   

  12  0:01  Drone  
  13  0:13  Overlord  
  13  0:18  Drone  
  14  0:31  Drone x2  
  14  0:35  Drone  
  17  0:57  Hatchery, Drone  
  17  1:11  Spawning Pool  
  17  1:14  Drone  
  17  1:19  Drone  
  17  1:21  Drone  
  19  1:27  Extractor  
  19  1:30  Drone  
  19  1:42  Overlord  
  19  2:00  Zergling x2  
  20  2:02  Zergling x2  
  20  2:04  Queen  
  23  2:08  Queen  
  23  2:09  Zergling x2  
  23  2:12  Drone  
  27  2:24  Drone x2  
  29  2:32  Drone  
  29  2:35  Metabolic Boost  
  30  2:44  Queen  
  30  2:47  Drone x2  
  34  3:00  Drone  
  34  3:01  Drone  
  36  3:08  Overlord  
  36  3:09  Overlord  
  36  3:11  Drone  
  34  3:14  Drone  
  35  3:24  Hatchery  
  34  3:27  Queen  
  34  3:30  Queen  
  38  3:45  Overlord  
  38  3:47  Zergling x10  
  43  3:52  Drone, Baneling Nest  
  43  3:56  Drone x2  
  45  4:05  Drone x5  
  50  4:18  Zergling x4  
  50  4:19  Zergling x2  
  50  4:20  Extractor  
  50  4:21  Extractor  
  50  4:24  Overlord  
  51  4:26  Drone x2  
  51  4:27  Drone  
  51  4:30  Drone x2  
  56  4:33  Drone x2  
  58  4:40  Queen  
  58  4:41  Drone  
  58  4:42  Drone  
  58  4:45  Baneling x4  
  62  4:49  Drone  
  63  4:56  Zergling x2  
  63  4:57  Zergling x6  
  67  5:05  Lair  
  67  5:08  Drone x4  
  71  5:16  Baneling x5  
  71  5:27  Zergling x6  
  74  5:35  Drone, Extractor  
  74  5:37  Overlord x2  
  74  5:38  Overlord  
  74  5:45  Overlord x2  
  68  6:12  Zergling x2  
  68  6:13  Roach Warren, Zergling x28  
  74  6:21  Lair  
  74  6:24  Lair  
  74  6:25  Drone x2  
  74  6:26  Drone  
  76  6:49  Evolution Chamber  
  76  6:50  Drone x3  
  76  6:51  Evolution Chamber  
  77  6:55  Zergling x20  
  77  6:57  Baneling x2  
  77  6:58  Baneling x7  
  77  6:59  Baneling  
  87  7:02  Extractor  
  87  7:03  Drone  
  87  7:04  Extractor  
  87  7:06  Overseer  
  86  7:15  Zergling x2  
  87  7:16  Roach x4  
  87  7:18  Zerg Ground Armor Level 1, Zerg Missile Weapons Level 1  
  87  7:22  Drone x3  
  98  7:23  Drone x3  
  98  7:25  Drone x2  
  103  7:42  Centrifical Hooks  
  103  7:43  Glial Reconstitution  
  103  7:47  Drone x5  
  103  7:48  Drone x4  
  101  8:13  Hatchery  
  90  8:30  Roach  
  90  8:31  Roach x13  
  90  8:32  Roach  
  111  8:40  Zergling x2  
  111  8:41  Zergling x6  
  111  8:48  Drone, Overlord x2  
  112  8:49  Overlord x4  
  112  8:54  Roach  
  114  8:59  Hydralisk Den  
  109  9:14  Roach  
  109  9:15  Roach x9  
  125  9:19  Zerg Ground Armor Level 2, Zerg Missile Weapons Level 2  
  125  9:24  Drone x3  
  125  9:25  Drone x3  
  125  9:26  Queen, Extractor  
  130  9:36  Muscular Augments  
  130  9:37  Zergling x2  
  130  9:38  Zergling x12  
  125  9:44  Drone x3  
  125  9:45  Drone x3  
  113  9:46  Drone  
  114  9:57  Roach, Zergling x2  
  114  9:58  Roach x4  
  125  10:07  Overlord x2  
  112  10:28  Hydralisk  
  112  10:29  Hydralisk x13  
  128  10:39  Overseer  
  128  10:40  Pneumatized Carapace  
  125  10:44  Roach x3  
  125  10:45  Roach x8  
  125  10:46  Overlord  
  125  10:48  Overlord  
  147  11:16  Infestation Pit  
  146  11:21  Drone x3  
  146  11:22  Drone  
  146  11:24  Roach  
  146  11:25  Roach x14  
  180  11:28  Extractor  
Show
View Real Time Build Order
Export as new Build Order

funsizek Zerg 

Build Orders: Hatch First 

Get SALT Encoding   

  12  0:19  Drone x2  
  14  0:25  Drone, Extractor  
  14  0:31  Overlord  
  16  0:50  Drone  
  16  0:55  Drone  
  17  1:06  Drone  
  18  1:13  Hatchery  
  17  1:20  Drone, Spawning Pool, Extractor  
  17  1:24  Drone  
  17  1:36  Drone  
  18  1:46  Drone  
  19  1:57  Drone  
  20  2:08  Queen  
  20  2:10  Baneling Nest, Overlord  
  21  2:25  Zergling x2  
  21  2:26  Zergling x2  
  21  2:28  Queen  
  26  2:30  Zergling x2  
  26  2:39  Metabolic Boost  
  26  2:44  Drone, Queen  
  27  2:49  Drone  
  30  2:51  Drone  
  31  3:00  Drone  
  31  3:01  Drone x2  
  33  3:16  Baneling x3  
  33  3:28  Drone x2  
  33  3:29  Overlord  
  33  3:30  Overlord  
  35  3:43  Roach Warren  
  35  3:47  Evolution Chamber  
  33  3:50  Drone  
  33  3:51  Drone x3  
  33  3:53  Drone  
  38  4:00  Queen  
  40  4:11  Drone x2  
  40  4:12  Drone x2  
  40  4:13  Drone  
  45  4:17  Zerg Missile Weapons Level 1  
  45  4:29  Drone x4  
  45  4:30  Overlord  
  49  4:32  Overlord  
  49  4:40  Evolution Chamber  
  49  4:44  Queen  
  50  4:48  Overlord  
  50  4:49  Overlord  
  50  4:50  Roach  
  52  4:53  Roach  
  52  4:55  Roach  
  56  5:12  Extractor  
  56  5:13  Drone x3  
  58  5:14  Drone  
  58  5:15  Hatchery, Drone  
  58  5:18  Zerg Melee Weapons Level 1  
  59  5:30  Zergling x2  
  59  5:31  Zergling x6  
  63  5:47  Roach  
  63  5:48  Roach  
  63  5:49  Roach x2  
  70  5:56  Evolution Chamber  
  59  6:28  Lair  
  59  6:36  Drone x5  
  59  6:37  Drone  
  59  6:38  Drone x4  
  69  6:40  Queen  
  69  6:46  Zerg Ground Armor Level 1  
  71  6:51  Overlord  
  71  6:52  Overlord  
  71  6:53  Hatchery  
  70  6:57  Extractor  
  69  7:04  Roach  
  69  7:06  Roach  
  69  7:07  Roach x3  
  79  7:13  Queen  
  81  7:19  Drone x3, Extractor  
  81  7:20  Drone  
  81  7:21  Drone  
  81  7:22  Drone  
  86  7:24  Drone x2  
  86  7:29  Overseer, Pneumatized Carapace  
  88  7:32  Roach  
  88  7:33  Roach  
  88  7:34  Roach  
  94  7:38  Drone  
  94  7:39  Extractor x2  
  94  7:40  Drone x3  
  96  7:45  Overlord x3  
  96  7:47  Glial Reconstitution  
  79  8:07  Roach  
  79  8:08  Roach x4  
  79  8:09  Roach  
  79  8:10  Roach  
  78  8:38  Roach  
  78  8:39  Roach x5  
  78  8:40  Roach x3  
  98  8:41  Roach  
  98  8:42  Roach x2  
  98  8:45  Queen  
  104  8:48  Evolution Chamber  
  104  8:50  Spine Crawler  
  104  8:52  Spine Crawler  
  104  8:53  Centrifical Hooks, Spine Crawler x2  
  104  8:54  Drone  
  101  8:55  Drone  
  101  8:56  Drone  
  100  9:13  Hatchery  
  85  9:27  Roach  
  85  9:28  Roach x4  
  85  9:29  Roach x4  
  93  9:32  Roach  
  85  9:41  Zerg Missile Weapons Level 2  
  75  10:05  Drone  
  75  10:06  Drone x2  
  75  10:07  Drone x3  
  79  10:08  Drone x3  
  68  10:45  Drone x4  
  72  10:50  Drone  
  72  10:51  Drone  
  72  10:52  Drone  
  72  10:54  Drone  
  72  10:55  Drone  
  77  10:58  Drone  
  77  11:00  Roach  
  80  11:09  Drone  
  80  11:10  Drone, Spire  
  82  11:11  Drone  
  82  11:15  Queen  
  82  11:17  Extractor  
  83  11:18  Drone  
  83  11:19  Extractor  
  83  11:20  Drone  
  83  11:22  Drone  
  83  11:24  Drone  
  83  11:25  Drone  
  87  11:27  Drone  
  87  11:29  Roach  
  87  11:32  Roach  
  92  11:34  Roach  
  92  11:36  Roach  
  92  11:37  Ravager x2  
  92  11:38  Ravager x2  
  92  11:39  Ravager  
  101  11:40  Ravager  
  101  11:41  Ravager  
  101  11:42  Ravager x2  
Tags
 
Add a new tag
Caveats
  • Supply blocks, unpowered buildings, or Contaminate may cause inaccurate times.
  • Supply counts are checked every 10 seconds.